AAA EAST
INDIANAPOLIS INDIANS @ ROCHESTER RED WINGS
05/15/2042
 
TOP OF THE 1ST
Indianapolis Indians batting - Pitching for Rochester Red Wings : RHP Chris Anderson
Pitching: RHP Chris Anderson
Batting: RHB Steve Jenkins 0-0: Ball
1-0: Ball
2-0: Called Strike
2-1: Called Strike
2-2: Ball
3-2: Base on Balls
Batting: RHB Jon Reese 0-0: Ball
1-0: Ball
2-0: Ball
3-0: Called Strike
3-1: TRIPLE (Flyball, 89XD, EV 94.4 MPH)
Steve Jenkins scores
Batting: RHB Ben Leonard 0-0: Called Strike
0-1: Swinging Strike
0-2: Strikes out swinging
Batting: RHB Alan Lounsbury 0-0: Ball
1-0: Ball
2-0: Fly out, F2 (Popup, 15S, EV 85.6 MPH)
Batting: RHB Johnny Owen 0-0: Foul Ball, location: 7LSF
0-1: Ball
1-1: Foul Ball, location: 5F
1-2: Ball
2-2: Strikes out looking
Top of the 1st over - 1 run, 1 hit, 0 errors, 1 left on base; Indianapolis 1 - Rochester 0
BOTTOM OF THE 1ST
Rochester Red Wings batting - Pitching for Indianapolis Indians : RHP Sam Jiménez
Pitching: RHP Sam Jiménez
Batting: LHB Dwayne Charles 0-0: Foul Ball, location: 7LSF
0-1: Ball
1-1: Foul Ball, location: 2F
1-2: Ball
2-2: Ball
3-2: Foul Ball, location: 2F
3-2: Base on Balls
Batting: RHB Artie Miller 0-0: Ball
1-0: Ball
Dwayne Charles steals 2nd base
2-0: Called Strike
2-1: Foul Ball, location: 5FF
2-2: Fly out, F6 (Line Drive, 6, EV 65.0 MPH)
Batting: SHB Bernardo Reyes 0-0: Ball
1-0: SINGLE (Groundball, 34S, EV 67.5 MPH) (infield hit)
Dwayne Charles to third
Batting: LHB Bobby Flowers 0-0: Ball
1-0: 3-RUN HOME RUN (Flyball, 9LD, EV 93.8 MPH), Distance : 352 ft
Batting: SHB Juan Trevino 0-0: Ball
1-0: Ball
2-0: Ball
3-0: Base on Balls
Batting: LHB Cal Brown 0-0: Called Strike
0-1: Fly out, F7 (Flyball, 78S, EV 92.5 MPH)
Batting: RHB Jake Johnson 0-0: Called Strike
0-1: Ball
1-1: Fly out, F6 (Line Drive, 6, EV 62.5 MPH)
Bottom of the 1st over - 3 runs, 2 hits, 0 errors, 1 left on base; Indianapolis 1 - Rochester 3
TOP OF THE 2ND
Indianapolis Indians batting - Pitching for Rochester Red Wings : RHP Chris Anderson
Batting: RHB Tim Horton 0-0: Ball
1-0: Ground out 5-3 (Groundball, 56S, EV 67.5 MPH)
Batting: RHB Bob MacKillop 0-0: Ball
1-0: Called Strike
1-1: Called Strike
1-2: Fly out, F8 (Flyball, 78D, EV 100.0 MPH)
Batting: RHB Ty Lewis 0-0: Ball
1-0: Called Strike
1-1: Called Strike
1-2: Ball
2-2: SOLO HOME RUN (Line Drive, 7D, EV 97.5 MPH), Distance : 383 ft
Batting: RHB Manny Martínez 0-0: SINGLE (Line Drive, 8RS, EV 110.0 MPH)
Batting: RHB Steve Jenkins 0-0: Foul Ball, location: 9LMF
0-1: Swinging Strike
0-2: Strikes out looking
Top of the 2nd over - 1 run, 2 hits, 0 errors, 1 left on base; Indianapolis 2 - Rochester 3
BOTTOM OF THE 2ND
Rochester Red Wings batting - Pitching for Indianapolis Indians : RHP Sam Jiménez
Batting: RHB Chih Chan 0-0: Bunted foul
0-1: Fly out, F6 (Line Drive, 56, EV 71.3 MPH)
Batting: RHB Amelio González 0-0: Called Strike
0-1: Ball
1-1: Foul Ball, location: 3FF
1-2: Strikes out looking
Batting: LHB Dwayne Charles 0-0: Foul Ball, location: 2RF
0-1: Called Strike
0-2: Ground out 1-3 (Groundball, 25, EV 76.9 MPH)
Bottom of the 2nd over - 0 runs, 0 hits, 0 errors, 0 left on base; Indianapolis 2 - Rochester 3
TOP OF THE 3RD
Indianapolis Indians batting - Pitching for Rochester Red Wings : RHP Chris Anderson
Batting: RHB Jon Reese 0-0: Ball
1-0: Ground out 5-3 (Groundball, 56S, EV 69.4 MPH)
Batting: RHB Ben Leonard 0-0: Fly out, F7 (Flyball, 7S, EV 85.6 MPH)
Batting: RHB Alan Lounsbury 0-0: Ball
1-0: Foul Ball, location: 2F
1-1: Ball
2-1: Ball
3-1: Called Strike
3-2: Foul Ball, location: 9LSF
3-2: Base on Balls
Batting: RHB Johnny Owen 0-0: Fielders Choice at 2nd, 6-4 (Groundball, 6, EV 108.8 MPH)
Top of the 3rd over - 0 runs, 0 hits, 0 errors, 1 left on base; Indianapolis 2 - Rochester 3
BOTTOM OF THE 3RD
Rochester Red Wings batting - Pitching for Indianapolis Indians : RHP Sam Jiménez
Batting: RHB Artie Miller 0-0: Called Strike
0-1: Foul Ball, location: 2F
0-2: Foul Ball, location: 25F
0-2: SOLO HOME RUN (Flyball, 9D, EV 94.4 MPH), Distance : 370 ft
Batting: SHB Bernardo Reyes 0-0: SINGLE (Groundball, P, EV 81.3 MPH) (infield hit)
Batting: LHB Bobby Flowers 0-0: Ball
1-0: Foul Ball, location: 5DF
1-1: Ball
2-1: Foul Ball, location: 3FF
2-2: Foul Ball, location: 2F
2-2: Strikes out swinging
Batting: SHB Juan Trevino 0-0: Swinging Strike
0-1: Ball
1-1: Fly out, F3 (Popup, 23F, EV 82.5 MPH)
Batting: LHB Cal Brown 0-0: Called Strike
0-1: Swinging Strike
0-2: Foul Ball, location: 7LSF
0-2: Ball
1-2: Fielders Choice at 2nd, U4 (Groundball, 4M, EV 105.6 MPH)
Bottom of the 3rd over - 1 run, 2 hits, 0 errors, 1 left on base; Indianapolis 2 - Rochester 4
TOP OF THE 4TH
Indianapolis Indians batting - Pitching for Rochester Red Wings : RHP Chris Anderson
Batting: RHB Tim Horton 0-0: Fly out, F7 (Flyball, 7, EV 90.0 MPH)
Batting: RHB Bob MacKillop 0-0: Fly out, F7 (Flyball, 7, EV 88.8 MPH)
Batting: RHB Ty Lewis 0-0: Ball
1-0: Swinging Strike
1-1: Swinging Strike
1-2: Strikes out looking
Top of the 4th over - 0 runs, 0 hits, 0 errors, 0 left on base; Indianapolis 2 - Rochester 4
BOTTOM OF THE 4TH
Rochester Red Wings batting - Pitching for Indianapolis Indians : RHP Sam Jiménez
Batting: RHB Jake Johnson 0-0: Ball
1-0: Foul Ball, location: 23F
1-1: Ball
2-1: DOUBLE (Line Drive, 89D, EV 98.1 MPH)
Batting: RHB Chih Chan 0-0: Called Strike
0-1: Called Strike
0-2: Ball
1-2: Hit by Pitch
Batting: RHB Amelio González 0-0: Bunted foul
0-1: Swinging Strike
0-2: DOUBLE (Flyball, 8RXD, EV 99.4 MPH)
Jake Johnson scores
Chih Chan to third
Pitching: RHP Dave Shafer
Batting: LHB Dwayne Charles 0-0: Called Strike
0-1: Foul Ball, location: 2F
0-2: Foul Ball, location: 2F
0-2: Ball
1-2: Foul Ball, location: 2F
1-2: Ball
2-2: Foul Ball, location: 7LDF
2-2: Foul Ball, location: 2F
2-2: Ball
3-2: Base on Balls
Batting: RHB Artie Miller 0-0: Fielders Choice at 2nd, 3-6 (Groundball, 34S, EV 78.1 MPH)
Chih Chan scores
Amelio González to third
Batting: SHB Bernardo Reyes 0-0: Foul Ball, location: 2F
0-1: Foul Ball, location: 2F
0-2: Strikes out swinging
Batting: LHB Bobby Flowers 0-0: Ball
1-0: Called Strike
1-1: Ball
2-1: Swinging Strike
2-2: Ball
3-2: Reached on error, E8 (Line Drive, 89M, EV 91.3 MPH)
Amelio González scores
Artie Miller to third
Batting: SHB Juan Trevino 0-0: Ball
1-0: Ground out 4-3 (Groundball, 4D, EV 94.4 MPH)
Bottom of the 4th over - 3 runs, 2 hits, 1 error, 2 left on base; Indianapolis 2 - Rochester 7
TOP OF THE 5TH
Indianapolis Indians batting - Pitching for Rochester Red Wings : RHP Chris Anderson
Batting: RHB Manny Martínez 0-0: Ball
1-0: Called Strike
1-1: Ground out 6-3 (Groundball, 6M, EV 81.9 MPH)
Batting: RHB Steve Jenkins 0-0: Called Strike
0-1: Foul Ball, location: 2F
0-2: Ball
1-2: Ball
2-2: Strikes out swinging
Batting: RHB Jon Reese 0-0: Called Strike
0-1: Called Strike
0-2: Ball
1-2: Strikes out swinging
Top of the 5th over - 0 runs, 0 hits, 0 errors, 0 left on base; Indianapolis 2 - Rochester 7
BOTTOM OF THE 5TH
Rochester Red Wings batting - Pitching for Indianapolis Indians : RHP Dave Shafer
Batting: LHB Cal Brown 0-0: Swinging Strike
0-1: Called Strike
0-2: Ball
1-2: Strikes out swinging
Batting: RHB Jake Johnson 0-0: Swinging Strike
0-1: Swinging Strike
0-2: Foul Ball, location: 7LMF
0-2: Foul Ball, location: 2F
0-2: Ground out 6-3 (Groundball, 6, EV 87.5 MPH)
Batting: RHB Chih Chan 0-0: Ball
1-0: Called Strike
1-1: Ball
2-1: DOUBLE (Line Drive, 7LS, EV 93.8 MPH)
Batting: RHB Amelio González 0-0: Ball
1-0: Swinging Strike
1-1: Foul Ball, location: 9LMF
1-2: Ball
2-2: Strikes out swinging
Bottom of the 5th over - 0 runs, 1 hit, 0 errors, 1 left on base; Indianapolis 2 - Rochester 7
TOP OF THE 6TH
Indianapolis Indians batting - Pitching for Rochester Red Wings : RHP Chris Anderson
Batting: RHB Ben Leonard 0-0: Ball
1-0: Swinging Strike
1-1: Ball
2-1: Ball
3-1: Called Strike
3-2: Base on Balls
Batting: RHB Alan Lounsbury 0-0: Ball
1-0: Called Strike
1-1: Called Strike
1-2: Strikes out swinging
Batting: RHB Johnny Owen 0-0: Fly out, F7 (Flyball, 7D, EV 106.3 MPH)
Batting: RHB Tim Horton 0-0: Ball
1-0: Foul Ball, location: 9LDF
1-1: Foul Ball, location: 5F
1-2: Fly out, F8 (Flyball, 78M, EV 81.9 MPH)
Top of the 6th over - 0 runs, 0 hits, 0 errors, 1 left on base; Indianapolis 2 - Rochester 7
BOTTOM OF THE 6TH
Rochester Red Wings batting - Pitching for Indianapolis Indians : RHP Dave Shafer
Batting: LHB Dwayne Charles 0-0: Called Strike
0-1: Called Strike
0-2: Foul Ball, location: 2LF
0-2: Ball
1-2: Ball
2-2: Ball
3-2: Base on Balls
Batting: RHB Artie Miller 0-0: Ball
1-0: Foul Ball, location: 2F
1-1: Foul Ball, location: 5DF
1-2: Ball
2-2: Ball
3-2: Strikes out looking
Pitching: RHP Olavo Drdio
Batting: SHB Bernardo Reyes 0-0: Swinging Strike
0-1: Called Strike
Dwayne Charles steals 2nd base
0-2: Foul Ball, location: 25F
0-2: Ball
1-2: Ball
2-2: Ball
3-2: Ground out 6-3 (Groundball, 6, EV 86.3 MPH)
Batting: LHB Bobby Flowers 0-0: Intentional Walk
Batting: SHB Juan Trevino 0-0: Called Strike
0-1: Foul Ball, location: 5SF
0-2: Ball
1-2: SINGLE (Line Drive, 4MD, EV 105.6 MPH)
Dwayne Charles to third
Bobby Flowers to second
Runner from 3rd tries for Home, SAFE, throw by CF to home
Batting: LHB Cal Brown 0-0: Ball
1-0: Fielders Choice at 2nd, 6-4 (Groundball, 56, EV 96.3 MPH)
Bottom of the 6th over - 1 run, 1 hit, 0 errors, 2 left on base; Indianapolis 2 - Rochester 8
TOP OF THE 7TH
Indianapolis Indians batting - Pitching for Rochester Red Wings : RHP Chris Anderson
Batting: RHB Bob MacKillop 0-0: Called Strike
0-1: Fly out, F8 (Line Drive, 78S, EV 87.5 MPH)
Batting: RHB Ty Lewis 0-0: Fly out, F8 (Flyball, 8RD, EV 75.6 MPH)
Batting: RHB Manny Martínez 0-0: Called Strike
0-1: Ball
1-1: Fly out, F6 (Line Drive, 6, EV 65.0 MPH)
Top of the 7th over - 0 runs, 0 hits, 0 errors, 0 left on base; Indianapolis 2 - Rochester 8
BOTTOM OF THE 7TH
Rochester Red Wings batting - Pitching for Indianapolis Indians : RHP Olavo Drdio
Batting: RHB Jake Johnson 0-0: Ball
1-0: Ball
2-0: Ball
3-0: Called Strike
3-1: Base on Balls
Batting: RHB Chih Chan 0-0: Called Strike
0-1: Ball
1-1: Ball
2-1: Foul Ball, location: 2F
2-2: Strikes out looking
Batting: RHB Amelio González 0-0: Called Strike
0-1: Called Strike
Jake Johnson is caught stealing 2nd base 2-4
0-2: Strikes out swinging
Bottom of the 7th over - 0 runs, 0 hits, 0 errors, 0 left on base; Indianapolis 2 - Rochester 8
TOP OF THE 8TH
Indianapolis Indians batting - Pitching for Rochester Red Wings : RHP Chris Anderson
Batting: RHB Steve Jenkins 0-0: Ground out 6-3 (Groundball, 6MS, EV 82.5 MPH)
Batting: RHB Jon Reese 0-0: Swinging Strike
0-1: Foul Ball, location: 5SF
0-2: Foul Ball, location: 2F
0-2: Fly out, F8 (Flyball, 78XD, EV 95.0 MPH)
Batting: RHB Ben Leonard 0-0: Called Strike
0-1: Swinging Strike
0-2: Ball
1-2: Ball
2-2: Foul Ball, location: 23F
2-2: Ground out 5-3 (Groundball, 5S, EV 78.8 MPH)
Top of the 8th over - 0 runs, 0 hits, 0 errors, 0 left on base; Indianapolis 2 - Rochester 8
BOTTOM OF THE 8TH
Rochester Red Wings batting - Pitching for Indianapolis Indians : RHP Olavo Drdio
Batting: LHB Dwayne Charles 0-0: Ball
1-0: Ball
2-0: Ball
3-0: Base on Balls
Batting: RHB Artie Miller 0-0: Ball
Dwayne Charles steals 2nd base
1-0: Called Strike
1-1: Foul Ball, location: 2F
1-2: Fly out, F9 (Flyball, 9LM, EV 105.0 MPH)
Runner from 2nd tags up, SAFE at 3rd, no throw by RF
Batting: SHB Bernardo Reyes 0-0: Foul Ball, location: 7LMF
0-1: Ball
1-1: Ball
2-1: Ground out 1-3 (Groundball, 13S, EV 74.4 MPH)
Batting: LHB Bobby Flowers 0-0: Called Strike
0-1: Ball
1-1: Ball
2-1: SINGLE (Line Drive, 8LS, EV 106.9 MPH)
Dwayne Charles scores
Pinch Hitting: RHB Cisco Vallés 0-0: Swinging Strike
0-1: Foul Ball, location: 2F
0-2: Foul Ball, location: 2F
0-2: Ball
1-2: Fielders Choice at 2nd, 5-4 (Groundball, 5L, EV 76.9 MPH)
Bottom of the 8th over - 1 run, 1 hit, 0 errors, 1 left on base; Indianapolis 2 - Rochester 9
TOP OF THE 9TH
Indianapolis Indians batting - Pitching for Rochester Red Wings : RHP Chris Anderson
Now at 3B: Cisco Vallés
Pinch Hitting: LHB Sam Stone 0-0: Ground out 1-3 (Groundball, P, EV 72.5 MPH)
Batting: RHB Johnny Owen 0-0: Ball
1-0: Ball
2-0: Ball
3-0: Called Strike
3-1: Swinging Strike
3-2: SINGLE (Groundball, 4MS, EV 73.8 MPH) (infield hit)
Pitching: RHP Artie Boucher
Batting: RHB Tim Horton 0-0: Foul Ball, location: 9LSF
0-1: Ball
1-1: Foul Ball, location: 9LMF
1-2: Foul Ball, location: 3F
1-2: Foul Ball, location: 2F
1-2: Ball
2-2: Ball
3-2: Foul Ball, location: 5F
3-2: Fly out, F8 (Flyball, 8LD, EV 106.3 MPH)
Batting: RHB Bob MacKillop 0-0: Called Strike
0-1: Foul Ball, location: 23F
0-2: Ball
1-2: Fly out, F9 (Flyball, 89D, EV 102.5 MPH)
Top of the 9th over - 0 runs, 1 hit, 0 errors, 1 left on base; Indianapolis 2 - Rochester 9
Friday, May 3rd , 2024 - OOTP Baseball 24.10 Build 82